 Dungeon Sprint DCSS version 0.28-a0-224-g76b539d98b (webtiles) character file.

Game seed: 12440584399856441821

564938 MikeHunt the Conqueror (level 23, -34/227 HPs)
             Began as an Ogre Wanderer on Aug 21, 2021.
             Was the Champion of Cheibriados.
             Killed from afar by Cerebov (72 damage)
             ... with a great blast of fire
             ... in the Dungeon (Sprint IX: "|||||||||||||||||||||||||||||").
             The game lasted 00:39:56 (9346 turns).

MikeHunt the Conqueror (Ogre Wanderer)              Turns: 9346, Time: 00:39:57

Health: -34/227    AC: 48    Str: 45    XL:     23   Next: 36%
Magic:  31/37      EV: 30    Int: 27    God:    Cheibriados [******]
Gold:   316        SH:  0    Dex: 30    Spells: 72/76 levels left

rFire   . . .      SeeInvis +   x - +9 giant spiked club
rCold   + . .      Faith    .   (shield currently unavailable)
rNeg    + . .      Spirit   .   h - +15 gold dragon scales "Aneron" {rPois rF+ rC+ SInv Stlth+}
rPois   +          Reflect  .   t - +2 hat
rElec   +          Harm     .   j - +2 cloak
rCorr   .          Rampage  .   (gloves unavailable)
Will    ++...      NoTele   +   (boots unavailable)
Stlth   +++.......              W - amulet "Tayc Lam" {rElec Regen+ Str+7}
HPRegen 1.47/turn               P - ring of positive energy
MPRegen 0.25/turn               C - +2 ring of slaying

@: fire vulnerable, very slow
A: large, unfitting armour, tough skin 1, talons 1, frail 2, low mp 3, screaming
1, wild magic 1, no potion heal 1
}: 9/17 runes: decaying, serpentine, barnacled, slimy, elven, silver, golden,
abyssal, gossamer
a: Renounce Religion, Bend Time, Temporal Distortion, Slouch, Step From Time


You were in the Dungeon.
You worshipped Cheibriados.
Cheibriados was exalted by your worship.
You visited 1 branch You collected 2016 gold pieces.
You spent 1700 gold pieces at shops.

Inventory:

Hand Weapons
 a - a +0 club
 g - a +0 giant club
 i - a +2 vorpal dire flail
 x - a +9 giant spiked club (weapon)
Missiles
 M - 9 javelins (quivered)
 N - 17 silver javelins
Armour
 h - the +15 gold dragon scales "Aneron" (worn) {rPois rF+ rC+ SInv Stlth+}
   (You bought it in a shop in the Dungeon)

   rF:        It protects you from fire.
   rC:        It protects you from cold.
   rPois:     It protects you from poison.
   SInv:      It lets you see invisible.
   Stlth:     It makes you more stealthy.
 j - a +2 cloak (worn)
 t - a +2 hat (worn)
 y - the +2 cloak of the Thief {*Fog Slay-2 SInv Stlth+}
   (You found it in the Dungeon)

   It may release a thick cloud of smoke when the wearer is hurt.
   Slay:      It affects your accuracy & damage with ranged weapons and melee
   (-2).
   SInv:      It lets you see invisible.
   Stlth:     It makes you more stealthy.
 z - +0 shadow dragon scales
 A - +1 ice dragon scales
Jewellery
 b - a ring of ice
 n - an amulet of magic regeneration
 u - a ring of willpower
 v - a ring of protection from cold
 C - a +2 ring of slaying (right hand)
 D - a +4 ring of evasion
 P - a ring of positive energy (left hand)
 T - the amulet "Orir" {Spirit rC- Str+5 Dex+9 Stlth-}
   (You found it in the Dungeon)

   [amulet of guardian spirit]

   It causes incoming damage to be divided between your reserves of health and
   magic.
   Str:       It affects your strength (+5).
   Dex:       It affects your dexterity (+9).
   rC:        It makes you vulnerable to cold.
   Stlth:     It makes you less stealthy.
 U - the ring "Ifoali" {rF+ MP+9}
   (You found it in the Dungeon)

   [ring of magical power]

   rF:        It protects you from fire.
   MP:        It affects your magic capacity (+9).
 V - the ring of Qaxekhil {Will+ EV+3 Int-4 SInv Stlth+}
   (You found it in the Dungeon)

   [ring of evasion]

   EV:        It affects your evasion (+3).
   Int:       It affects your intelligence (-4).
   SInv:      It lets you see invisible.
   Will:      It increases your willpower.
   Stlth:     It makes you more stealthy.
 W - the amulet "Tayc Lam" (around neck) {rElec Regen+ Str+7}
   (You found it in the Dungeon)

   [amulet of regeneration]

   Str:       It affects your strength (+7).
   rElec:     It insulates you from electricity.
   Regen:     It increases your rate of health regeneration.
 X - the ring "Womituur" {Ice rPois}
   (You found it in the Dungeon)

   [ring of ice]

   It enhances your ice magic.
   rF:        It makes you vulnerable to fire.
   rC:        It protects you from cold.
   rPois:     It protects you from poison.
Wands
 q - a wand of paralysis (5)
Scrolls
 o - 4 scrolls of enchant weapon
 p - 2 scrolls of fear
 r - 3 scrolls of identify
 J - 2 scrolls of blinking
 K - 4 scrolls of fog
 L - 5 scrolls of enchant armour
 O - 2 scrolls of magic mapping
Potions
 d - 7 potions of heal wounds
 e - 6 potions of curing
 f - 9 potions of magic
 B - a potion of resistance
 I - 2 potions of brilliance
Miscellaneous
 k - the horn of Geryon
 m - a lightning rod (4/4)
 R - a condenser vane (inert)


   Skills:
 O Level 27 Fighting
 - Level 1.0(20.1) Axes
 O Level 27 Maces & Flails
 O Level 27 Throwing
 O Level 27 Armour
 O Level 27 Dodging
 + Level 22.8 Stealth
 O Level 27 Spellcasting
 - Level 7.7 Summonings
 O Level 27 Invocations
 O Level 27 Evocations


You had 72 spell levels left.
You knew the following spells:

 Your Spells              Type           Power      Damage    Failure   Level
a - Summon Small Mammal   Summ           100%       N/A       1%          1
d - Call Canine Familiar  Summ           79%        N/A       1%          3

Your spell library contained the following spells:

 Spells                   Type           Power      Damage    Failure   Level
 Conjure Flame            Conj/Fire      47%        6-21      11%         3
 Ignite Poison            Fire/Tmut/Pois 47%        N/A       11%         3
 Sticky Flame             Conj/Fire      47%        2d6       30%         4


Dungeon Overview and Level Annotations

Branches:
Dungeon (1/1)

Altars:
Cheibriados
Dithmenos
Elyvilon
Fedhas
Gozag
Hepliaklqana
Kikubaaqudgha
Makhleb
Nemelex Xobeh
Okawaru
Qazlal
Ru
Sif Muna
Trog
Uskayaw
Vehumet
Wu Jian
Xom
Yredelemnul
Zin
The Shining One
Beogh
Jiyva
Lugonu

Shops:
D [!((

Annotations:
D Cerebov, Dispater


Innate Abilities, Weirdness & Mutations

You are too large for most types of armour.
You have tough skin. (AC +1)
You have sharp toenails.
You are very frail. (-20% HP)
Your magical capacity is extremely low. (-30% MP)
You occasionally shout uncontrollably at your foes.
Your spells are a little harder to cast, but a little more powerful.
Potions are less effective at restoring your health.


Message History

You stick Cerebov like a pincushion!!! You claw Cerebov!
Cerebov is moderately wounded.
You are engulfed in blazing flames.
Cerebov misses you.
You crush Cerebov like a grape!!!! You claw Cerebov, but do no damage.
Cerebov is heavily wounded.
You are engulfed in blazing flames.
Cerebov barely misses you.
You hit Cerebov but do no damage. You claw Cerebov, but do no damage.
Cerebov is heavily wounded.
You are engulfed in blazing flames.
Cerebov completely misses you.
You stick Cerebov like a pincushion!!! You claw Cerebov, but do no damage.
Cerebov is heavily wounded.
You are engulfed in blazing flames.
Cerebov hits you but does no damage.
You barely miss Cerebov. You claw Cerebov, but do no damage.
Cerebov is heavily wounded.
You are engulfed in blazing flames.
Cerebov completely misses you.
Dispater, Lord of the Iron City comes into view.
They are wielding the +4 staff of Dispater.
The fire vortex completely misses you.
Unknown command.
You completely miss Cerebov. You claw Cerebov.
Cerebov is heavily wounded.
Cerebov completely misses you.
You hit Cerebov. You claw Cerebov!
Cerebov is heavily wounded.
Cerebov hits you but does no damage.
You barely miss Cerebov. You claw Cerebov, but do no damage.
Cerebov is heavily wounded.
Cerebov hits you with the +6 sword of Cerebov {flame}!!
Cerebov burns you!
You can feel time thicken for a moment.
The fire vortex dissipates!
Cerebov gestures at you. The iron shot hits you!!
* * * LOW HITPOINT WARNING * * *
Dispater gestures at you.
The sphere of damnation explodes!
The damnation engulfs Cerebov.
Cerebov completely resists.
The damnation engulfs you!
* * * LOW HITPOINT WARNING * * *
Cerebov gestures at you.
A raging storm of fire appears!
The great blast of fire engulfs you!!!!
You die...

******▓▓▓▓▓▓▓▓▓▓▓▓▓▓▓▓▓▓▓▓▓▓▓▓▓▓▓
,,,,,,((((.&()§&@.○..............
▓▓▓▓▓▓▓▓▓▓▓▓▓▓▓▓▓▓▓▓▓▓▓▓▓▓▓▓▓▓▓▓▓
.................................
▓▓▓▓▓▓▓▓▓▓▓▓▓▓▓▓▓▓▓▓▓▓▓▓▓▓▓▓▓▓▓▓▓
.........'.........'.........'...
▓▓▓▓▓▓▓▓▓▓▓▓▓▓▓▓▓▓▓▓▓▓▓▓▓▓▓▓▓▓▓▓▓
.................................
▓▓▓▓▓▓▓▓▓▓▓▓▓▓▓▓▓▓▓▓▓▓▓▓▓▓▓▓▓▓▓▓♣
.......................))))))))'.


You could see Cerebov (fast) and Dispater.

Vanquished Creatures
  Antaeus (D)
  the Royal Jelly (D)
  Asmodeus (D)
  Gloorx Vloq (D)
  Ereshkigal (D)
  Lom Lobon (D)
  4 ancient liches (D)
  3 orbs of fire (D)
  Mennas (D)
  6 royal mummies (D)
  Boris (D)
  Saint Roka (D)
  2 Killer Klowns (D)
  Xtahua (D)
  Geryon (D)
  5 golden dragons (D)
  Nikola (D)
  4 electric golems (D)
  5 tentacled monstrosities (D)
  27 Orb Guardians (D)
  A deep elf blademaster (D)
  2 quicksilver dragons (D)
  3 deep elf master archers (D)
  10 acid blobs (D)
  Frances (D)
  3 death cobs (D)
  Gastronok (D)
  3 storm dragons (D)
  Agnes (D)
  A tentacled starspawn (D)
  A tengu reaver (D)
  8 shadow dragons (D)
  13 sphinxes (D)
  7 rockslimes (D)
  7 nagarajas (D)
  5 fire giants (D)
  3 draconian scorchers (D)
  2 deep elf sorcerers (D)
  2 draconian knights (D)
  3 draconian monks (D)
  3 frost giants (D)
  Ilsuiw (D)
  6 azure jellies (D)
  2 draconian shifters (D)
  3 vault wardens (D)
  Aizul (D)
  A cacodemon (D)
  2 ghost moths (D)
  4 emperor scorpions (D)
  A quicksilver ooze (D)
  3 ironbound preservers (D)
  3 draconian annihilators (D)
  A war gargoyle (D)
  2 stone giants (D)
  4 very ugly things (D)
  2 deep elf demonologists (D)
  A green draconian (D)
  4 red draconians (D)
  Azrael (D)
  A deep elf annihilator (D)
  10 vampire knights (D)
  2 white draconians (D)
  2 bunyips (D)
  4 purple draconians (D)
  3 yellow draconians (D)
  2 fire dragons (D)
  6 merfolk javelineers (D)
  5 ettins (D)
  A deep elf death mage (D)
  4 deep elf high priests (D)
  5 mummy priests (D)
  A yaktaur captain (D)
  Snorg (D)
  4 merfolk impalers (D)
  10 hydras (D)
  A rakshasa (D)
  5 great orbs of eyes (D)
  A boulder beetle (D)
  2 ice dragons (D)
  4 centaur warriors (D)
  A peacekeeper (D)
  25 vault guards (D)
  Harold (D)
  An ogre mage (D)
  Erolcha (D)
  A catoblepas (D)
  A naga warrior (D)
  A ghost crab (D)
  2 merfolk aquamancers (D)
  A two-headed ogre (D)
  A deep troll earth mage (D)
  A tengu warrior (D)
  3 deep troll shamans (D)
  A shock serpent (D)
  A spriggan berserker (D)
  3 orc high priests (D)
  A shock serpent (shapeshifter) (D)
  A thrashing horror (D)
  A hell knight (D)
  A naga ritualist (D)
  3 large abominations (D)
  2 spriggan druids (D)
  2 sea snakes (D)
  A bog body (D)
  2 glowing orange brains (D)
  7 orc knights (D)
  4 ironbound convokers (D)
  5 swamp dragons (D)
  An orb spider (D)
  3 wizards (D)
  A mana viper (D)
  3 harpies (D)
  A manticore (D)
  2 orc sorcerers (D)
  2 ugly things (D)
  2 wolf spiders (D)
  A salamander (D)
  A cyclops (D)
  3 guardian serpents (D)
  12 moths of wrath (D)
  Maurice (D)
  7 black mambas (D)
  A naga mage (D)
  4 vault sentinels (D)
  A water nymph (D)
  An elephant (D)
  A torpor snail (D)
  2 cane toads (D)
  A freezing wraith (D)
  2 komodo dragons (D)
  17 guardian mummies (D)
  3 demonic crawlers (D)
  A wandering mushroom (D)
  4 merfolk (D)
  2 tyrant leeches (D)
  6 jumping spiders (D)
  3 slime creatures (D)
  4 yaks (D)
  A vampire (D)
  11 spriggans (D)
  A redback (D)
  A fire bat (D)
  A basilisk (D)
  2 fire elementals (D)
  4 golden eyes (D)
  A neqoxec (D)
  3 wargs (D)
  2 nagas (D)
  3 water moccasins (D)
  5 hell hounds (D)
  An acid dragon (D)
  A floating eye (D)
  8 orc warriors (D)
  A swamp drake (D)
  A boggart (D)
  5 wolves (D)
  A centaur (D)
  2 bullfrogs (D)
  A killer bee (D)
  A howler monkey (D)
  2 orc priests (D)
  A hound (D)
  6 orc wizards (D)
  A hell rat (D)
  An ufetubus (D)
  19 orcs (D)
  A bat zombie (D)
  2 goblins (D)
  A hobgoblin (D)
  A jackal (D)
  A frilled lizard (D)
  A jackal skeleton (D)
  A ball lightning (D)
  A fire vortex (D)
528 creatures vanquished.

Vanquished Creatures (collateral kills)
  A hound (D)
1 creature vanquished.

Vanquished Creatures (others)
  A fire giant (D)
  A centaur warrior (D)
  An orc wizard (D)
  2 ball lightnings (D)
5 creatures vanquished.

Grand Total: 534 creatures vanquished

Notes
Turn   | Place    | Note
-------+----------+-------------------------------------------
     0 | D        | MikeHunt the Ogre Wanderer began the quest for the Orb.
     0 | D        | MikeHunt set off with the following items: a +0 club, a +2
                  | robe, a potion of curing, a potion of heal wounds, a potion
                  | of haste, 2 potions of magic, a potion of berserk rage, a
                  | scroll of blinking; and the following spell memorised:
                  | Summon Small Mammal; and the following spells available to
                  | memorise: Call Canine Familiar
     0 | D        | Reached XP level 1. HP: 19/19 MP: 2/2
    75 | D        | Reached skill level 1 in Maces & Flails
   215 | D        | Noticed a hound
   215 | D        | Noticed a hound
   224 | D        | Reached XP level 2. HP: 25/29 MP: 5/5
   232 | D        | Reached XP level 3. HP: 31/39 MP: 5/7
   257 | D        | HP: 1/39 [hound (5)]
   569 | D        | Learned a level 3 spell: Call Canine Familiar
   586 | D        | Reached XP level 4. HP: 49/49 MP: 2/9
   598 | D        | Found a snail-covered altar of Cheibriados.
   598 | D        | Found a shadowy altar of Dithmenos.
   598 | D        | Found a white marble altar of Elyvilon.
   598 | D        | Found a blossoming altar of Fedhas.
   598 | D        | Found an opulent altar of Gozag.
   599 | D        | Found a hazy altar of Hepliaklqana.
   600 | D        | Found a viscous altar of Jiyva.
   601 | D        | Found an ancient bone altar of Kikubaaqudgha.
   602 | D        | Became a worshipper of Cheibriados the Contemplative
   603 | D        | Found a corrupted altar of Lugonu.
   604 | D        | Found a burning altar of Makhleb.
   605 | D        | Found a sparkling altar of Nemelex Xobeh.
   606 | D        | Found an iron altar of Okawaru.
   607 | D        | Found a stormy altar of Qazlal.
   608 | D        | Found a sacrificial altar of Ru.
   609 | D        | Found a shimmering blue altar of Sif Muna.
   610 | D        | Found a bloodstained altar of Trog.
   611 | D        | Found a hide-covered altar of Uskayaw.
   612 | D        | Found a radiant altar of Vehumet.
   613 | D        | Found an ornate altar of the Wu Jian Council.
   614 | D        | Found a shimmering altar of Xom.
   615 | D        | Found a basalt altar of Yredelemnul.
   616 | D        | Found a glowing silver altar of Zin.
   617 | D        | Found a glowing golden altar of the Shining One.
   653 | D        | Noticed a yak
   653 | D        | Noticed a two-headed ogre
   666 | D        | Reached skill level 5 in Fighting
   666 | D        | Reached skill level 1 in Invocations
   679 | D        | Reached * piety under Cheibriados
   680 | D        | Reached XP level 5. HP: 39/57 MP: 3/11
   680 | D        | Reached ** piety under Cheibriados
   681 | D        | Killed a two-headed ogre
   682 | D        | Reached skill level 5 in Maces & Flails
   682 | D        | Reached skill level 5 in Evocations
   682 | D        | Reached XP level 6. HP: 26/74 MP: 4/16
   682 | D        | Reached XP level 7. HP: 28/81 MP: 4/17
   682 | D        | Killed a yak
   683 | D        | Reached XP level 8. HP: 32/92 MP: 4/19
   685 | D        | Reached *** piety under Cheibriados
   945 | D        | Noticed a centaur warrior
   945 | D        | Noticed a vampire
   945 | D        | Noticed a komodo dragon
   945 | D        | Noticed a cyclops
   948 | D        | Killed a komodo dragon
   948 | D        | Killed a vampire
   949 | D        | Killed a cyclops
   949 | D        | Reached **** piety under Cheibriados
   950 | D        | Reached skill level 10 in Fighting
   950 | D        | Reached XP level 9. HP: 69/101 MP: 19/21
   953 | D        | Killed a centaur warrior
  1153 | D        | Noticed a black mamba
  1153 | D        | Noticed a komodo dragon
  1153 | D        | Noticed an eight-headed hydra
  1156 | D        | Killed a black mamba
  1156 | D        | Reached ***** piety under Cheibriados
  1157 | D        | Killed a komodo dragon
  1158 | D        | Reached XP level 10. HP: 51/114 MP: 23/23
  1159 | D        | Killed an eight-headed hydra
  1160 | D        | Noticed a cane toad
  1164 | D        | Reached ****** piety under Cheibriados
  1173 | D        | Killed a cane toad
  1432 | D        | Noticed a black mamba
  1432 | D        | Noticed an elephant
  1432 | D        | Noticed a black mamba
  1432 | D        | Noticed a cane toad
  1434 | D        | Killed a black mamba
  1434 | D        | Killed a black mamba
  1435 | D        | Reached skill level 5 in Throwing
  1435 | D        | Reached skill level 10 in Invocations
  1438 | D        | Killed a cane toad
  1440 | D        | Killed an elephant
  1626 | D        | Reached skill level 10 in Dodging
  1628 | D        | Reached XP level 11. HP: 127/127 MP: 18/24
  1914 | D        | Noticed an orc knight
  1917 | D        | Reached skill level 10 in Maces & Flails
  1918 | D        | Killed an orc knight
  2002 | D        | Found Maenyn's Weapon Boutique.
  2002 | D        | Noticed an orc knight
  2002 | D        | Noticed an orc sorcerer
  2002 | D        | Noticed an orc knight
  2003 | D        | Noticed an orc high priest
  2004 | D        | Killed an orc sorcerer
  2005 | D        | Noticed an orc high priest
  2007 | D        | Noticed a sun demon
  2007 | D        | Killed an orc knight
  2007 | D        | Killed an orc knight
  2007 | D        | Killed an orc high priest
  2008 | D        | Reached skill level 15 in Fighting
  2008 | D        | Killed an orc high priest
  2009 | D        | Reached skill level 10 in Evocations
  2010 | D        | Found Kuunoe's Antique Weapon Shop.
  2013 | D        | Noticed an orc knight
  2014 | D        | Found Loetot's Distillery.
  2018 | D        | Noticed an orc high priest
  2020 | D        | Killed an orc knight
  2022 | D        | Noticed a soul eater
  2022 | D        | Killed an orc high priest
  2024 | D        | Noticed an orc knight
  2045 | D        | Killed an orc knight
  2056 | D        | Noticed an orc sorcerer
  2059 | D        | Killed an orc sorcerer
  2070 | D        | Found Gered's Antique Armour Shop.
  2078 | D        | Noticed an orc knight
  2081 | D        | Killed an orc knight
  2082 | D        | Reached XP level 12. HP: 141/141 MP: 20/25
  2085 | D        | Bought heavily runed gold dragon scales for 1700 gold
                  | pieces
  2085 | D        | Identified the +15 gold dragon scales "Aneron" {rPois rF+
                  | rC+ SInv Stlth+} (You bought it in a shop in the Dungeon)
  2127 | D        | Noticed Erolcha
  2131 | D        | Killed Erolcha
  2144 | D        | Noticed Harold
  2160 | D        | Killed Harold
  2180 | D        | Noticed Gastronok
  2193 | D        | Killed Gastronok
  2194 | D        | Reached skill level 5 in Armour
  2349 | D        | Found the +2 cloak of the Thief {*Fog Slay-2 SInv Stlth+}
  2385 | D        | Noticed a centaur warrior
  2385 | D        | Noticed a centaur warrior
  2385 | D        | Noticed a catoblepas
  2385 | D        | Noticed an ogre mage
  2385 | D        | Noticed a centaur warrior
  2386 | D        | Noticed a five-headed hydra
  2401 | D        | Killed a centaur warrior
  2412 | D        | Noticed a centaur warrior
  2413 | D        | Killed a centaur warrior
  2413 | D        | Killed a centaur warrior
  2416 | D        | Killed a centaur warrior
  2416 | D        | Killed a catoblepas
  2417 | D        | Killed a five-headed hydra
  2418 | D        | Killed an ogre mage
  2428 | D        | Noticed a white very ugly thing
  2428 | D        | Noticed a stone giant
  2429 | D        | Noticed a deep troll shaman
  2429 | D        | Noticed an ettin
  2432 | D        | Noticed a deep troll shaman
  2435 | D        | Killed a white very ugly thing
  2435 | D        | Noticed an ettin
  2438 | D        | Killed a deep troll shaman
  2438 | D        | Killed a deep troll shaman
  2439 | D        | Reached XP level 13. HP: 125/149 MP: 23/26
  2439 | D        | Killed an ettin
  2439 | D        | Killed a stone giant
  2440 | D        | Reached skill level 10 in Armour
  2440 | D        | Killed an ettin
  2543 | D        | Noticed Aizul
  2569 | D        | Killed Aizul
  2838 | D        | Noticed Maurice
  2841 | D        | Killed Maurice
  2866 | D        | Noticed Frances
  2877 | D        | Killed Frances
  2912 | D        | Noticed a bunyip
  2912 | D        | Noticed a bunyip
  2916 | D        | Killed a bunyip
  2916 | D        | Killed a bunyip
  2990 | D        | Reached XP level 14. HP: 128/166 MP: 17/27
  3047 | D        | Noticed a ghost moth
  3049 | D        | Reached skill level 15 in Evocations
  3051 | D        | Killed a ghost moth
  3200 | D        | Noticed a stone giant
  3200 | D        | Noticed a frost giant
  3200 | D        | Noticed a fire giant
  3205 | D        | Killed a stone giant
  3205 | D        | Killed a frost giant
  3205 | D        | Killed a fire giant
  3207 | D        | Noticed a frost giant
  3208 | D        | Noticed a fire giant
  3214 | D        | Noticed a sphinx
  3217 | D        | Killed a frost giant
  3218 | D        | Reached skill level 10 in Throwing
  3219 | D        | Killed a fire giant
  3220 | D        | Reached skill level 15 in Dodging
  3224 | D        | Killed a sphinx
  3236 | D        | Noticed a fire giant
  3239 | D        | Killed a fire giant
  3241 | D        | Noticed a frost giant
  3252 | D        | Killed a frost giant
  3263 | D        | Reached skill level 15 in Armour
  3492 | D        | Noticed an ironbound preserver
  3494 | D        | Reached XP level 15. HP: 172/184 MP: 28/28
  3535 | D        | Noticed an Orb Guardian
  3543 | D        | Killed an Orb Guardian
  3854 | D        | Noticed Xtahua
  3864 | D        | Killed Xtahua
  3865 | D        | Reached skill level 15 in Maces & Flails
  4165 | D        | Noticed Snorg
  4168 | D        | Killed Snorg
  4192 | D        | Noticed Boris
  4198 | D        | Killed Boris
  4214 | D        | Noticed Saint Roka
  4227 | D        | Killed Saint Roka
  4309 | D        | Noticed Ilsuiw
  4319 | D        | Killed Ilsuiw
  4327 | D        | Reached XP level 16. HP: 174/200 MP: 12/29
  4346 | D        | Got a barnacled rune of Zot
  4353 | D        | Noticed a nagaraja
  4353 | D        | Noticed a nagaraja
  4353 | D        | Noticed a nagaraja
  4357 | D        | Noticed a nagaraja
  4357 | D        | Killed a nagaraja
  4359 | D        | Noticed a nagaraja
  4361 | D        | Killed a nagaraja
  4361 | D        | Killed a nagaraja
  4362 | D        | Killed a nagaraja
  4371 | D        | Killed a nagaraja
  4381 | D        | Noticed a nagaraja
  4386 | D        | Killed a nagaraja
  4395 | D        | Noticed a nagaraja
  4397 | D        | Killed a nagaraja
  4404 | D        | Got a serpentine rune of Zot
  4425 | D        | Reached skill level 15 in Throwing
  4451 | D        | Got a decaying rune of Zot
  4493 | D        | Got a gossamer rune of Zot
  4592 | D        | Noticed Agnes
  4597 | D        | Killed Agnes
  4638 | D        | Noticed Azrael
  4644 | D        | Killed Azrael
  4696 | D        | Reached XP level 17. HP: 211/213 MP: 30/30
  4765 | D        | Noticed a quicksilver dragon
  4774 | D        | Killed a quicksilver dragon
  4806 | D        | Reached skill level 15 in Invocations
  4844 | D        | Noticed an ancient lich
  4844 | D        | Noticed a golden dragon
  4853 | D        | Killed a golden dragon
  4855 | D        | Killed an ancient lich
  4856 | D        | Reached XP level 18. HP: 125/232 MP: 25/31
  4868 | D        | Got a silver rune of Zot
  4941 | D        | Noticed Nikola
  4950 | D        | Killed Nikola
  5007 | D        | Got the amulet "Orir" {Spirit rC- Str+5 Dex+9 Stlth-}
  5009 | D        | Got the ring "Ifoali" {rF+ MP+9}
  5011 | D        | Got the ring of Qaxekhil {Will+ EV+3 Int-4 SInv Stlth+}
  5013 | D        | Got the amulet "Tayc Lam" {rElec Regen+ Str+7}
  5025 | D        | Got the ring "Womituur" {Ice rPois}
  5151 | D        | Noticed Mennas
  5180 | D        | Killed Mennas
  5257 | D        | Noticed a golden dragon
  5257 | D        | Noticed a golden dragon
  5263 | D        | Killed a golden dragon
  5264 | D        | Killed a golden dragon
  5265 | D        | Reached skill level 27 in Fighting
  5309 | D        | Noticed a tentacled monstrosity
  5309 | D        | Noticed a quicksilver dragon
  5319 | D        | Killed a quicksilver dragon
  5320 | D        | Killed a tentacled monstrosity
  5340 | D        | Noticed a tentacled monstrosity
  5344 | D        | Killed a tentacled monstrosity
  5351 | D        | Reached XP level 19. HP: 243/245 MP: 32/32
  5363 | D        | Noticed a golden dragon
  5369 | D        | Killed a golden dragon
  5393 | D        | Noticed a tentacled monstrosity
  5393 | D        | Noticed a tentacled monstrosity
  5395 | D        | Killed a tentacled monstrosity
  5407 | D        | Killed a tentacled monstrosity
  5571 | D        | Noticed a tentacled monstrosity
  5575 | D        | Killed a tentacled monstrosity
  5596 | D        | Noticed an ancient lich
  5600 | D        | Killed an ancient lich
  5601 | D        | Reached XP level 20. HP: 256/256 MP: 30/35
  5604 | D        | Noticed an orb of fire
  5609 | D        | Gained mutation: Your spells are a little harder to cast,
                  | but a little more powerful. [an orb of fire]
  5610 | D        | Gained mutation: You tend to lose your temper in combat.
                  | [an orb of fire]
  5611 | D        | Gained mutation: Your magical capacity is low. (-10% MP)
                  | [an orb of fire]
  5613 | D        | Killed an orb of fire
  5616 | D        | Noticed an electric golem
  5621 | D        | Killed an electric golem
  5631 | D        | Noticed a golden dragon
  5631 | D        | Noticed an electric golem
  5631 | D        | Noticed an orb of fire
  5631 | D        | Noticed a Killer Klown
  5633 | D        | Noticed an orb of fire
  5639 | D        | Gained mutation: You are frail. (-10% HP) [an orb of fire]
  5640 | D        | Gained mutation: Potions are less effective at restoring
                  | your health. [an orb of fire]
  5641 | D        | Killed an orb of fire
  5642 | D        | Reached skill level 27 in Maces & Flails
  5642 | D        | Gained mutation: You are very frail. (-20% HP) [an orb of
                  | fire]
  5642 | D        | Noticed an electric golem
  5644 | D        | Noticed an ancient lich
  5646 | D        | Killed a Killer Klown
  5646 | D        | Killed an electric golem
  5648 | D        | Gained mutation: Armour fits poorly on your strangely
                  | shaped body. [an orb of fire]
  5652 | D        | Killed a golden dragon
  5653 | D        | Gained mutation: You are extremely frail. (-30% HP) [an orb
                  | of fire]
  5654 | D        | Gained mutation: Your magical capacity is very low. (-20%
                  | MP) [an orb of fire]
  5655 | D        | Killed an orb of fire
  5655 | D        | Killed an electric golem
  5656 | D        | Killed an ancient lich
  5657 | D        | Noticed a Killer Klown
  5662 | D        | Killed a Killer Klown
  5683 | D        | Noticed an electric golem
  5687 | D        | Killed an electric golem
  5765 | D        | Reached XP level 21. HP: 185/185 MP: 30/30
  6074 | D        | Lost mutation: You tend to lose your temper in combat.
                  | [potion of mutation]
  6074 | D        | Lost mutation: Your spells are a little harder to cast, but
                  | a little more powerful. [potion of mutation]
  6074 | D        | Lost mutation: You are extremely frail. (-30% HP) [potion
                  | of mutation]
  6074 | D        | Gained mutation: You are clumsy. (Dex -2) [potion of
                  | mutation]
  6074 | D        | Gained mutation: You occasionally shout uncontrollably at
                  | your foes. [potion of mutation]
  6074 | D        | Gained mutation: Your spells are a little harder to cast,
                  | but a little more powerful. [potion of mutation]
  6890 | D        | Lost mutation: You are clumsy. (Dex -2) [potion of
                  | mutation]
  6890 | D        | Lost mutation: Armour fits poorly on your strangely shaped
                  | body. [potion of mutation]
  6890 | D        | Gained mutation: You have sharp toenails. [potion of
                  | mutation]
  8069 | D        | Paralysed by a vampire knight for 3 turns
  8069 | D        | Noticed an ancient lich
  8073 | D        | Killed an ancient lich
  8078 | D        | Paralysed by a vampire knight for 6 turns
  8140 | D        | Reached skill level 27 in Invocations
  8163 | D        | Reached skill level 27 in Throwing
  8190 | D        | Noticed the Royal Jelly
  8201 | D        | Got an elven rune of Zot
  8237 | D        | Killed the Royal Jelly
  8238 | D        | Reached skill level 27 in Dodging
  8302 | D        | Reached XP level 22. HP: 189/220 MP: 31/31
  8304 | D        | Got a slimy rune of Zot
  8405 | D        | Reached skill level 27 in Armour
  8406 | D        | Reached skill level 27 in Evocations
  8406 | D        | Reached skill level 5 in Stealth
  8458 | D        | Reached skill level 10 in Stealth
  8458 | D        | Reached skill level 15 in Spellcasting
  8467 | D        | Noticed a royal mummy
  8467 | D        | Noticed a royal mummy
  8474 | D        | Killed a royal mummy
  8474 | D        | Killed a royal mummy
  8723 | D        | Noticed a royal mummy
  8723 | D        | Noticed a royal mummy
  8723 | D        | Noticed a royal mummy
  8727 | D        | Killed a royal mummy
  8729 | D        | Killed a royal mummy
  8731 | D        | Killed a royal mummy
  8732 | D        | Reached skill level 15 in Stealth
  8734 | D        | Noticed a royal mummy
  8741 | D        | Killed a royal mummy
  8842 | D        | Got a golden rune of Zot
  8848 | D        | Gained mutation: Your magical capacity is extremely low.
                  | (-30% MP) [a cacodemon]
  8873 | D        | Got an abyssal rune of Zot
  8996 | D        | Noticed Geryon
  9003 | D        | Killed Geryon
  9006 | D        | Noticed Ereshkigal
  9006 | D        | Noticed Gloorx Vloq
  9016 | D        | Killed Gloorx Vloq
  9033 | D        | Killed Ereshkigal
  9034 | D        | Reached XP level 23. HP: 32/227 MP: 33/36
  9173 | D        | Noticed Antaeus
  9181 | D        | Noticed Lom Lobon
  9192 | D        | Killed Antaeus
  9202 | D        | Found the +7 sceptre of Asmodeus
  9202 | D        | Noticed Asmodeus
  9203 | D        | Killed Lom Lobon
  9230 | D        | HP: 7/227 [Asmodeus/damnation (29)]
  9231 | D        | HP: 1/227 [Asmodeus (10)]
  9233 | D        | Killed Asmodeus
  9234 | D        | Reached skill level 27 in Spellcasting
  9332 | D        | Found the +6 sword of Cerebov {flame}
  9332 | D        | Noticed Cerebov
  9342 | D        | Found the +4 staff of Dispater
  9342 | D        | Noticed Dispater
  9346 | D        | Killed from afar by Cerebov

Illustrated notes

Levels and vault maps discovered:
D:        linesprint [early_d, line_temple, items_1, d_10, items_2, lair_1,
          lair_end, items_3, orc_1, orc_end, items_4, d_15, swamp_1, shoals_1,
          snake_1, spider_1, d_20, vaults_1, items_5, swamp_end, shoals_end,
          snake_end, spider_end, vaults_end, d_27, items_6, zot_1, zot_end,
          crypt_end, forest_end, elf_end, slime_end, tomb_end, abyss_end,
          pan_hell_end]

Skill      XL: |  1  2  3  4  5  6  7  8  9 10 11 12 13 14 15 16 17 18 19 20 21 22 23 |
---------------+----------------------------------------------------------------------+-----
Fighting       | 2 3 4 5 8 9 10 11 13 15 17 20 22 23 25 27 | 27.0
Summonings     | 2 3 4 6 7 |  7.7
Maces & Flails | 1 2 3 5 6 8 9 11 13 19 22 23 25 26 27 | 27.0
Dodging        | 3 4 6 7 8 10 12 13 15 16 18 20 22 24 27 | 27.0
Spellcasting   | 2 3 4 7 8 9 24 27 | 27.0
Invocations    | 2 6 7 9 10 12 16 19 22 25 27 | 27.0
Evocations     | 2 5 7 8 10 12 14 15 16 17 19 21 23 26 27 | 27.0
Throwing       | 3 6 12 14 16 18 20 23 25 27 | 27.0
Armour         | 9 12 15 16 17 18 20 22 24 26 27 | 27.0
Stealth        | 19 22 | 22.8
Axes           | |  1.0

Action                   |  1- 3 |  4- 6 |  7- 9 | 10-12 | 13-15 | 16-18 | 19-21 | 22-24 || total
-------------------------+-------+-------+-------+-------+-------+-------+-------+-------++-------
Melee: Club              |    78 |       |       |       |       |       |       |       ||    78
       Dire flail        |       |     2 |     7 |   117 |   119 |       |       |       ||   245
       Giant spiked club |       |       |       |       |    13 |   161 |   184 |    78 ||   436
       Kick              |       |       |       |       |       |       |    34 |    47 ||    81
Throw: Large rock        |       |       |       |    16 |    32 |     9 |    16 |    15 ||    88
       Javelin           |       |       |       |       |       |    50 |    41 |    49 ||   140
       Throwing net      |       |       |       |       |       |       |       |     3 ||     3
 Cast: Summon Small Mamm |     2 |       |       |       |       |       |       |       ||     2
       Call Canine Famil |     2 |     2 |       |       |       |       |       |       ||     4
Invok: Slouch            |       |       |       |    10 |    11 |     7 |    14 |     5 ||    47
       Temporal Distorti |       |       |       |     3 |     5 |     2 |     2 |     1 ||    13
       Bend Time         |       |       |       |       |     4 |       |     3 |     2 ||     9
Evoke: Wand              |       |     5 |     4 |     1 |       |       |       |       ||    10
       Lightning rod     |       |       |     4 |    16 |    74 |    42 |       |       ||   136
       Horn of Geryon    |       |       |       |       |       |       |       |     1 ||     1
       Condenser vane    |       |       |       |       |       |       |       |     1 ||     1
  Use: Potion            |     4 |     1 |     1 |       |       |     1 |     2 |    13 ||    22
       Scroll            |     1 |     1 |       |     2 |     8 |     3 |     1 |     1 ||    17
 Stab: Invisible         |       |       |     1 |       |       |       |       |       ||     1
       Sleeping          |       |       |       |     1 |       |       |       |       ||     1
       Petrified         |       |       |       |     4 |       |       |       |       ||     4
       Held in net/web   |       |       |       |       |       |       |       |     5 ||     5
Armor: Robe              |    40 |       |     6 |     9 |       |       |       |       ||    55
       Gold dragon scale |       |       |       |    19 |   113 |   157 |    94 |    53 ||   436
Dodge: Dodged            |    45 |     6 |    40 |    71 |   105 |   203 |   200 |    85 ||   755

Table legend: (Time is in decaauts) A = Elapsed time spent in this place. B = Non-inter-level travel time spent in this place. C = Inter-level travel time spent in this place. D = Time resting spent in this place. E = Time spent auto-exploring this place. F = Levels seen in this place. G = Mean time per level. A B C D E F G +--------+--------+--------+--------+--------+-----+--------+ Total | 13687 | 9290 | 4397 | 3132 | 0 | 1 | 13687.0 | Dungeon | 13687 | 9290 | 4397 | 3132 | 0 | 1 | 13687.0 | +--------+--------+--------+--------+--------+-----+--------+

Top non-repeatable levels by time:
       D: 13687 daAuts
